AoeStats
← Cien Ojos

Arabia

505361498Analyzed
1v1 RM · 24d ago on Sep 9, 2026· 23m 47s· 2 players
Game mode
Random Map
Map size
Tiny (2 player)
Population
200
Speed
Normal
Resources
Standard
Victory
Conquest
Starting age
Dark Age
Ending age
Imperial Age
RankedLock teamsTeams togetherTeam positionsShared explorationLock speedFull tech treeHidden civsTurbo modeCheats
Victory
Defeat
🇦🇷 Tatars · Argentina
1128
+16
🇺🇸 Georgians · United States
1132
-16
Cien Ojos
5:49 Loom
8:47 Feudal Age
9:37 Double-Bit Axe
15:33 Horse Collar
17:38 Wheelbarrow
20:25 Castle Age
18:37 Gold Mining
19:19 Bloodlines
19:22 Forging
19:17 Scale Barding Armor
19:54 Scale Barding Armor
20:28 Town Watch
21:44 Bow Saw
Quilted Codpiece
5:40 Loom
9:08 Feudal Age
9:39 Double-Bit Axe
10:20 Double-Bit Axe
19:10 Horse Collar
20:18 Scale Barding Armor
22:28 Castle Age
20:37 Scale Barding Armor
21:20 Bloodlines
Connection lost

Rejoining the realm…

Still unreachable

The connection could not be restored.

Session expired

The server has moved on; the page needs a fresh start.